 Dungeon Crawl Stone Soup version 0.27-a0-1332-g84bddb5ca7 (webtiles) character file.

Game seed: 14742377471544980265

65 freelancePsychic the Skirmisher (level 4, 0/35 HPs)
             Began as a Djinni Wanderer on June 25, 2021.
             Slain by a river rat (8 damage)
             ... on level 3 of the Dungeon.
             The game lasted 00:02:23 (1007 turns).

freelancePsychic the Skirmisher (Djinni Wanderer)   Turns: 1007, Time: 00:02:23

Health: 0/35       AC:  3    Str: 14    XL:     4   Next: 34%
Gold:   45         EV: 11    Int: 12    God:
                   SH:  0    Dex: 12

rFire    + + .     SeeInvis .   a - +2 hand crossbow
rCold    x . .     Faith    .   (no shield)
rNeg     . . .     Spirit   .   f - +0 leather armour
rPois    ∞         Reflect  .   (no helmet)
rElec    .         Harm     .   (no cloak)
rCorr    .         Rampage  .   (no gloves)
Will     .....                  (boots unavailable)
Stlth    +.........             (no amulet)
HPRegen  0.11/turn              (no ring)
MPRegen  0.00/turn              (no ring)

@: flying
A: sickness immunity, fire resistance 2, cold vulnerability 1, float, innate
caster, hp casting, extra vitality 1
a: no special abilities


You were on level 3 of the Dungeon.
You visited 1 branch of the dungeon, and saw 3 of its levels.

You collected 45 gold pieces.

Inventory:

Hand Weapons
 a - a +2 hand crossbow (weapon)
Missiles
 b - 16 bolts (quivered ammo)
Armour
 c - a +0 robe
 f - a +0 leather armour (worn)
Scrolls
 e - 2 scrolls of identify {unknown}


   Skills:
 - Level 3.0 Fighting
 - Level 1.5 Crossbows
 - Level 2.0 Armour
 - Level 1.1 Dodging
 - Level 1.0 Stealth
 - Level 1.0 Shields
 + Level 2.6 Spellcasting


You had 3 spell levels left.
You knew the following spells:

 Your Spells              Type           Power      Damage    Failure   Level
a - Foxfire               Conj/Fire      32%        2x1d5     11%         1
b - Ignite Poison         Fire/Tmut/Pois 8%         N/A       30%         3
c - Magic Dart            Conj           32%        1d4       11%         1

Your spell library contained the following spells:

 Spells                   Type           Power      Damage    Failure   Level


Dungeon Overview and Level Annotations

Branches:
Dungeon (3/15)

Altars:

Portals:
Sewer: D:3


Innate Abilities, Weirdness & Mutations

You are immune to sickness and miasma.
You are immune to poison.
Your flesh is very heat resistant. (rF++)
You are vulnerable to cold. (rC-)
You float through the air rather than walking.
You learn spells naturally, not from books.
Your magical power is your life essence.
You have superior vitality. (+4 HP)


Message History

The orc wizard points at you and mumbles some strange words.
The magic dart hits you!
The orc wizard gestures at you while chanting.
You are confused.
You have reached level 4!
You feel clever.
It was a potion of curing.
You feel better.
The orc wizard points at you and mumbles some strange words.
The magic dart hits you.
There is a stone staircase leading down here.
You fly downwards.
You hear the sound of rushing water.
There is an entrance to a sewer on this level.
Hurry and find it before the portal rusts away!
Found a stone staircase leading up.
There is a stone staircase leading up here.
Cast which spell? (? or * to list)
Okay, then.
An endoplasm comes into view.
A river rat comes into view.
The river rat moves out of view.
Found a scroll labelled WOFRU ITRYTOU.
Found a glowing drain.
Cast which spell? (? or * to list)
You conjure some foxfire!
The endoplasm quivers.
A giant cockroach comes into view.
The foxfire hits the endoplasm.
The endoplasm is lightly wounded.
The foxfire hits the endoplasm.
The endoplasm is moderately wounded.
The river rat bites you!
* * * LOW HITPOINT WARNING * * *
The river rat twitches its whiskers.
The river rat closely misses you. The river rat closely misses you.
The giant cockroach bites you.
* * * LOW HITPOINT WARNING * * *
There is a glowing drain here.
The river rat bites you!
You die...

#.#
#.##.#.########.
#...............
#.#.##§#.######
# #J#.?.≈≈#
#.#..J≈≈#
#....≈≈≈#
#...≈≈≈r#
#.#≈≈≈B@#
#.####### #. .


You could see a river rat, an endoplasm and a giant cockroach.

Vanquished Creatures
  An orc priest (D:2)
  2 dart slugs (D:1)
  8 bats
  2 endoplasms (D:1)
  A goblin (D:1)
  2 hobgoblins (D:1)
  4 kobolds (D:1)
  A quokka (D:1)
  4 ball pythons (D:1)
  3 frilled lizards (D:1)
  5 rats (D:1)
33 creatures vanquished.

Vanquished Creatures (others)
  A foxfire (D:3)
1 creature vanquished.

Grand Total: 34 creatures vanquished

Notes
Turn   | Place    | Note
-------+----------+-------------------------------------------
     0 | D:1      | freelancePsychic the Djinni Wanderer began the quest for
                  | the Orb.
     0 | D:1      | Reached XP level 1. HP: 20/20 MP: 0/0
    47 | D:1      | Reached skill level 1 in Spellcasting
    47 | D:1      | Reached XP level 2. HP: 23/25 MP: 0/0
   218 | D:1      | Reached XP level 3. HP: 30/30 MP: 0/0
   218 | D:1      | Learned a level 1 spell: Magic Dart
   956 | D:2      | Found a faded altar of an unknown god.
   985 | D:2      | Reached XP level 4. HP: 13/35 MP: 0/0
   998 | D:3      | Found a glowing drain.
  1007 | D:3      | Slain by a river rat

Illustrated notes

Levels and vault maps discovered:
D:1:      saegor_arrival_simple_e, layout_basic, wad_floor_pattern_1
D:2:      layout_loops_cross, shapermc_ecumenical_altar_venn, basic_altar,
          kennysheep_generic_room_13
D:3:      minmay_octagon_keep, layout_basic, fiery_altar_vehumet,
          portal_sewer_entry_b, chequers_avenue

Skill      XL: |  1  2  3 |
---------------+----------+-----
Spellcasting   | 1 2 |  2.6
Fighting       | |  3.0
Crossbows      | |  1.5
Armour         | |  2.0
Dodging        | |  1.1
Stealth        | |  1.0
Shields        | |  1.0

Action                   |  1- 3 |  4- 6 || total
-------------------------+-------+-------++-------
 Fire: Hand crossbow     |    55 |       ||    55
 Cast: Foxfire           |       |     1 ||     1
  Use: Potion            |       |     1 ||     1
Armor: Robe              |     2 |       ||     2
Dodge: Dodged            |    10 |     2 ||    12

Table legend: (Time is in decaauts)
 A = Elapsed time spent in this place.
 B = Non-inter-level travel time spent in this place.
 C = Inter-level travel time spent in this place.
 D = Time resting spent in this place.
 E = Time spent auto-exploring this place.
 F = Levels seen in this place.
 G = Mean time per level.
                   A        B        C        D        E       F      G
               +--------+--------+--------+--------+--------+-----+--------+
         Total |   1029 |    982 |     47 |      0 |    805 |   3 |  343.0 |
       Dungeon |   1029 |    982 |     47 |      0 |    805 |   3 |  343.0 |
               +--------+--------+--------+--------+--------+-----+--------+

Top non-repeatable levels by time:
     D:1: 967 daAuts
     D:2: 45 daAuts
     D:3: 16 daAuts
